 Dungeon Crawl Stone Soup version 0.30-a0-920-g7493c07aab (webtiles) character file.

Game seed: 11320625865910475455

806 strifetoe the Cleaver (level 7, -3/57 HPs)
             Began as a Minotaur Berserker on Mar 21, 2023.
             Was a Priest of Trog.
             Killed from afar by an orc wizard (7 damage)
             ... with a magic dart
             ... on level 5 of the Dungeon.
             The game lasted 00:03:54 (3225 turns).

strifetoe the Cleaver (Minotaur Berserker)          Turns: 3225, Time: 00:03:55

Health: -3/57      AC:  7    Str: 24    XL:     7   Next: 60%
Magic:  6/6        EV: 10    Int:  4    God:    Trog [***...]
Gold:   209        SH:  0    Dex:  9    Spells: 6/6 levels left

rFire   . . .      SeeInvis .    a - +1 hand axe
rCold   . . .      Faith    .    (no shield)
rNeg    . . .      Spirit   .    n - +1 scale mail
rPois   +          Reflect  .    (helmet restricted)
rElec   .          Rampage  .    (no cloak)
rCorr   .                        (no gloves)
Will    .....                    (no boots) Stlth
                                 (no amulet)
HPRegen 0.29/turn                g - ring of poison resistance
MPRegen 0.10/turn                (no ring)

@: on berserk cooldown, slowed, very slow
A: horns 2, retaliatory headbutt
a: Renounce Religion, Berserk, Trog's Hand


You were on level 5 of the Dungeon.
You worshipped Trog.
Trog was most pleased with you.
You visited 1 branch of the dungeon, and saw 5 of its levels.

You collected 209 gold pieces.

Inventory:

Hand Weapons
 a - a +1 hand axe (weapon)
 b - a +0 scythe
 i - a +2 short sword of electrocution
Missiles
 e - 2 javelins (quivered)
 j - 2 throwing nets
Armour
 n - a +1 scale mail (worn)
Jewellery
 g - a ring of poison resistance (left hand)
 m - a ring of flight
Wands
 l - a wand of polymorph (8)
 u - a wand of roots (20)
Scrolls
 c - a scroll of enchant weapon
 d - a scroll of amnesia
 h - a scroll of identify {unknown}
 k - 3 scrolls of fog
 p - a scroll of blinking
Potions
 f - a potion of attraction {unknown}
 o - 4 potions of heal wounds {unknown}
 q - a potion of lignification {unknown}
 t - a potion of curing {unknown}


   Skills:
 - Level 3.6 Fighting
 + Level 10.9 Axes
 - Level 2.4 Armour
 - Level 2.1 Dodging


You had 6 spell levels left.
You didn't know any spells.
Your spell library was empty.

Dungeon Overview and Level Annotations

Branches:
Dungeon (5/15)             Temple (0/1) D:4

Altars:
Okawaru

Shops:
D:5 !


Innate Abilities, Weirdness & Mutations

You have a pair of horns on your head.
You reflexively headbutt those who attack you in melee.


Message History

You feel a strong urge to attack something.
The ice beast hits you. The ice beast freezes you!
The orc wizard gestures at you while chanting.
You resist with some effort.
You feel your anger nearly subside.
You are no longer berserk.
You are exhausted.
You feel yourself slow down. The ice beast hits you. The ice beast freezes you!
The orc wizard closely misses you.
You hit the ice beast.
The ice beast is almost dead.
You miss the orc wizard. The ice beast hits you. The ice beast freezes you.
* * * LOW HITPOINT WARNING * * *
The orc wizard hits you with a +0 dagger.
* * * LOW HITPOINT WARNING * * *
Unknown command.
You miss the orc wizard. Your headbutt misses the orc wizard.
You barely miss the ice beast.
You feel less confused.
The ice beast hits you but does no damage.
The orc wizard hits you with a +0 dagger.
* * * LOW HITPOINT WARNING * * *
You hit the ice beast.
You kill the ice beast!
Trog accepts your kill.
You hit the orc wizard.
The orc wizard hits you with a +0 dagger.
* * * LOW HITPOINT WARNING * * *
Your life force feels restored.
You barely miss the orc wizard. You headbutt the orc wizard!
The orc wizard is severely wounded.
An orc comes into view. It is wielding a +4 short sword.
The orc wizard casts a spell at you. The magic dart hits you.
* * * LOW HITPOINT WARNING * * *
You barely miss the orc wizard.
The orc wizard is severely wounded.
The orc wizard hits you but does no damage.
The orc wizard gestures at you while chanting.
The magic dart hits you!
You die...

#.... .. #.... ... #...# #####
###'##...##....#
#..............+ .........
..............# ........
........# .<..... ##+##..)#
......#####..##.@o#
.....>#......#....#
......#......#....####### ###
......#......#....##....##....
......'......#................
......#......#...$..Y.........
......#..##..##...###..###..#
.....##'###..########).###..#
.....#....#....o.Y...)......♣


You could see an orc wizard.

Vanquished Creatures
  Sigmund (D:3)
  An ice beast (D:5)
  An ogre (D:4)
  A phantom (D:4)
  A scorpion (D:4)
  2 hounds
  2 iguanas
  3 orc wizards
  Terence (D:3)
  Ijyb (D:5)
  A worm (D:2)
  3 dart slugs
  16 orcs
  5 ball pythons
  4 endoplasms
  2 giant cockroaches
  6 goblins
  9 hobgoblins
  5 quokkas
  8 bats
  A frilled lizard (D:1)
  11 kobolds
  3 rats
88 creatures vanquished.

Vanquished Creatures (others)
  A fungus (D:1)
1 creature vanquished.

Grand Total: 89 creatures vanquished

Notes
Turn   | Place    | Note
-------+----------+-------------------------------------------
     0 | D:1      | strifetoe the Minotaur Berserker began the quest for the
                  | Orb.
     0 | D:1      | Reached XP level 1. HP: 19/19 MP: 0/0
    95 | D:1      | Reached skill level 4 in Axes
   332 | D:1      | Reached XP level 2. HP: 26/26 MP: 1/1
   434 | D:1      | Found a faded altar of an unknown god.
   685 | D:1      | Reached skill level 5 in Axes
  1043 | D:2      | Reached XP level 3. HP: 10/31 MP: 2/2
  1369 | D:3      | Noticed Sigmund
  1374 | D:3      | Killed Sigmund
  1375 | D:3      | Reached skill level 7 in Axes
  1375 | D:3      | Reached XP level 4. HP: 39/39 MP: 3/3
  1375 | D:3      | Reached XP level 5. HP: 45/45 MP: 4/4
  1451 | D:3      | Reached ** piety under Trog
  1454 | D:3      | Noticed Terence
  1470 | D:3      | Killed Terence
  1656 | D:3      | Reached skill level 8 in Axes
  1928 | D:4      | Found an iron altar of Okawaru.
  1965 | D:3      | Reached XP level 6. HP: 22/51 MP: 5/5
  2252 | D:4      | Reached skill level 9 in Axes
  2375 | D:4      | Reached XP level 7. HP: 36/57 MP: 6/6
  2803 | D:4      | Found a staircase to the Ecumenical Temple.
  2850 | D:4      | Reached skill level 10 in Axes
  3000 | D:5      | Entered Level 5 of the Dungeon
  3014 | D:5      | Noticed Ijyb
  3027 | D:5      | Killed Ijyb
  3199 | D:5      | Found Totzuo's Distillery.
  3223 | D:5      | Reached *** piety under Trog
  3225 | D:5      | Killed from afar by an orc wizard

Illustrated notes

Levels and vault maps discovered:
D:1:      psy_arrival_radial01, layout_loops_ring,
          shapermc_ecumenical_altar_mp_urbaneastern
D:2:      layout_loops_ring
D:3:      layout_rooms, minmay_three_crescents, uniq_sigmund, uniq_terence
D:4:      layout_rooms, mainiacjoe_overflow_catwalk, minmay_temple_entry_fiery
D:5:      due_chaos_kobolds, layout_gridville, serial_shops, nicolae_shop_trees,
          uniq_ijyb

Skill      XL: |  1  2  3  4  5  6  7 |
---------------+----------------------+-----
Axes           | 4 5 7 8 9 10 | 10.9
Fighting       | |  3.6
Armour         | |  2.4
Dodging        | |  2.1

Action                     |  1- 3 |  4- 6 |  7- 9 || total
---------------------------+-------+-------+-------++-------
  Melee: Hand axe          |    59 |   126 |    50 ||   235
         Headbutt          |     7 |    16 |     9 ||    32
  Throw: Javelin           |       |     1 |       ||     1
 Invoke: Berserk           |     1 |     1 |     1 ||     3
    Use: Scroll            |       |     2 |     9 ||    11
 Armour: Animal skin       |     7 |       |       ||     7
         Scale mail        |       |    32 |    19 ||    51
         Ring mail         |       |     9 |       ||     9
  Dodge: Dodged            |    27 |    48 |    15 ||    90

Table legend: (Time is in decaauts)
 A = Elapsed time spent in this place.
 B = Non-inter-level travel time spent in this place.
 C = Inter-level travel time spent in this place.
 D = Time resting spent in this place.
 E = Time spent auto-exploring this place.
 F = Levels seen in this place.
 G = Mean time per level.
                   A        B        C        D        E       F      G
               +--------+--------+--------+--------+--------+-----+--------+
         Total |   3225 |   2909 |    316 |    662 |   1730 |   5 |  645.0 |
       Dungeon |   3225 |   2909 |    316 |    662 |   1730 |   5 |  645.0 |
               +--------+--------+--------+--------+--------+-----+--------+

Top non-repeatable levels by time:
     D:1: 1023 daAuts
     D:4: 938 daAuts
     D:3: 696 daAuts
     D:2: 350 daAuts
     D:5: 217 daAuts
